 Dungeon Crawl Stone Soup version 0.23.1-37-gaa34b87 (webtiles) character file.

Game seed: 17424237352843856631

11173 Irenicus the Earth Mage (level 11, -7/84 HPs)
             Began as a Deep Dwarf Earth Elementalist on Mar 20, 2019.
             Was a High Priest of Makhleb.
             Mangled by a two-headed ogre
             ... wielding a +0 giant club
              (13 damage)
             ... on level 2 of the Orcish Mines.
             The game lasted 00:52:01 (5631 turns).

Irenicus the Earth Mage (DDEE)                      Turns: 5631, Time: 00:52:02

Health: -7/84      AC:  8    Str: 11    XL:     11   Next: 45%
Magic:  14/30 (21) EV: 14    Int: 20    God:    Makhleb [*****.]
Gold:   464        SH:  6    Dex: 15    Spells: 11/26 levels left

rFire    + . .     SeeInvis .   q - +1 dagger (drain)
rCold    + . .     Gourm    .   M - +0 buckler
rNeg     + . .     Faith    +   E - +2 leather armour {rC+}
rPois    +         Spirit   .   k - +0 helmet
rElec    .         Reflect  .   (no cloak)
rCorr    .         Harm     .   O - +1 pair of gloves
MR       +....                  (no boots)
Stlth    ++........             y - amulet of Ityim {Faith rF+ rN+ Dex+2 Stlth-}
HPRegen  0.00/turn              i - ring of poison resistance {rPois, !d}
MPRegen  0.22/turn              C - ring of magical power {MP+9}

@: lethally poisoned (-7 -> -7), marked, very slightly contaminated,
non-regenerating, studying Crossbows, invisible (expiring)
A: damage resistance, heal wounds, sense surroundings 2, no regeneration
a: Heal Wounds, Minor Destruction, Lesser Servant of Makhleb, Major Destruction,
Greater Servant of Makhleb, Renounce Religion


You were on level 2 of the Orcish Mines.
You worshipped Makhleb.
Makhleb was extremely pleased with you.
You were not hungry.

You visited 3 branches of the dungeon, and saw 13 of its levels.

You collected 704 gold pieces.
You spent 240 gold pieces at shops.

Inventory:

Hand Weapons
 q - a +1 dagger of draining (weapon)
   (You took it off a goblin on level 3 of the Dungeon)
Missiles
 b - 38 stones (quivered)
 G - a throwing net {=f, !d}
Armour
 k - a +0 helmet (worn)
   (You found it on level 2 of the Dungeon)
 E - a +2 leather armour of cold resistance (worn)
   (You took it off an orc priest on level 8 of the Dungeon)
 I - the cursed +0 robe "Borerys" {+Inv MR+++ rCorr Str-4 Slay-5}
   (You found it on level 8 of the Dungeon)

   It affects your strength (-4).
   It affects your accuracy and damage with ranged weapons and melee attacks
   (-5).
   It affects your resistance to hostile enchantments.
   It lets you turn invisible.
   It provides partial protection from all sources of acid and corrosion.
   It has a curse placed upon it.
 M - a +0 buckler (worn)
   (You found it on level 8 of the Dungeon)
 O - a +1 pair of gloves (worn)
   (You found it on level 9 of the Dungeon)
Jewellery
 i - a ring of poison resistance (left hand) {rPois, !d}
   (You found it on level 1 of the Dungeon)
 o - an uncursed ring of protection from magic {MR+, !d}
   (You found it on level 2 of the Dungeon)
 y - the amulet of Ityim (around neck) {Faith rF+ rN+ Dex+2 Stlth-}
   (You found it on level 5 of the Dungeon)

   [amulet of faith]

   It allows you to gain divine favour quickly.
   It affects your dexterity (+2).
   It protects you from fire.
   It protects you from negative energy.
   It makes you less stealthy.
 C - a ring of magical power (right hand) {MP+9}
   (You bought it in a shop on level 6 of the Dungeon)
 L - an uncursed ring of flight {+Fly, !d}
   (You found it on level 8 of the Dungeon)
Wands
 f - a wand of acid (9)
   (You found it on level 10 of the Dungeon)
 t - a wand of enslavement (3)
   (You found it on level 5 of the Dungeon)
 z - a wand of paralysis (1)
   (You found it on level 6 of the Dungeon)
 D - a wand of iceblast (3)
   (You found it on level 6 of the Dungeon)
 H - a wand of flame (12)
   (You found it on level 7 of the Dungeon)
Scrolls
 a - 3 scrolls of remove curse
 e - 3 scrolls of teleportation
 h - 5 scrolls of amnesia
 s - a scroll of noise {!r}
 F - 3 scrolls of blinking {!r}
Potions
 c - a potion of lignification {!q}
 g - 3 potions of might
 j - 5 potions of haste
 l - 4 potions of curing
 m - 4 potions of degeneration {unknown}
 p - 2 potions of agility
 u - a potion of cancellation {unknown}
 w - a potion of magic
 x - 2 potions of brilliance {unknown}
 K - a potion of resistance
Books
 J - a manual of Crossbows {!d}
   (You found it on level 7 of the Dungeon)
Comestibles
 d - 15 rations


   Skills:
 - Level 1.0 Fighting
 - Level 2.0 Short Blades
 + Level 4.3 Dodging
 - Level 6.5 Stealth
 - Level 6.0 Shields
 - Level 8.0 Spellcasting
 - Level 2.0 Conjurations
 - Level 0.8 Transmutations
 + Level 15.9 Earth Magic
 - Level 3.0 Evocations


You had 11 spell levels left.
You knew the following spells:

 Your Spells              Type           Power        Failure   Level  Hunger
a - Sandblast             Erth           ######       0%          1    None
c - Petrify               Tmut/Erth      #####...     3%          4    ###....
w - Passwall              Tmut/Erth      #####...     1%          2    None
x - Stone Arrow           Conj/Erth      #####.       1%          3    None
z - Lee's Rapid Deconstr  Erth           ######....   1%          5    #####..

Your spell library contained the following spells:

 Spells                   Type           Power        Failure   Level  Hunger
 Shock                    Conj/Air       ##..         8%          1    None
 Sting                    Conj/Pois      ##..         8%          1    None
 Confusing Touch          Hex            #.....       11%         1    None
 Poisonous Vapours        Pois/Air       #.....       17%         2    None
 Swiftness                Chrm/Air       #.......     17%         2    None
 Static Discharge         Conj/Air       ##......     22%         3    None
 Mephitic Cloud           Conj/Pois/Air  ##......     26%         3    None
 Confuse                  Hex            #.......     32%         3    None
 Gell's Gravitas          Tloc           #.........   32%         3    None
 Airstrike                Air            #.........   73%         4    ###....
 Olgreb's Toxic Radiance  Pois           #.......     73%         4    ###....
 Lightning Bolt           Conj/Air       ##........   90%         5    #####..
 Venom Bolt               Conj/Pois      ##........   90%         5    #####..
 Yara's Violent Unravell  Hex/Tmut       #.........   95%         5    #####..
 Metabolic Englaciation   Hex/Ice        #.........   97%         5    #####..


Dungeon Overview and Level Annotations

Branches:
Dungeon (10/15)            Temple (1/1) D:6            Lair (0/6) D:9
    Orc (2/2) D:9
    Elf: Orc:2

Altars:
Ashenzari
Cheibriados
Dithmenos
Elyvilon
Fedhas
Gozag
Hepliaklqana
Kikubaaqudgha
Makhleb
Nemelex Xobeh
Okawaru
Qazlal
Ru
Sif Muna
Trog
Uskayaw
Vehumet
Wu Jian
Xom
Yredelemnul
Zin
The Shining One

Shops:
D:5 (   D:6 }*

Annotations:
D:6 3 runed translucent doors, DungeonDestroyer's ghost, novice MiFi


Innate Abilities, Weirdness & Mutations

You are resistant to damage.
You can heal yourself by infusing magical energy.
You passively map the area around you.
You do not regenerate.


Message History

You catch the helpless ogre completely off-guard!
You puncture the ogre! You drain the ogre.
You catch the helpless ogre completely off-guard!
You puncture the ogre!
You kill the ogre!
Makhleb accepts your kill.
You feel better. The orc closely misses you. The orc completely misses you.
You regained 5 hp, and now have 58/84 hp.
The orc misses you. The warg barely misses you. The warg bites you!
The orc warrior closely misses you.
An ogre mage comes into view.
You take 12 damage, and have 46/84 hp.
The ogre misses you.
The orc sorcerer mumbles some strange words.
The warg bites you!
The ogre mage gestures at you while chanting.
You easily resist.
You take 8 damage, and have 38/84 hp.
A two-headed ogre comes into view.
It is wielding a +0 giant club and a +0 dire flail.
The ogre mage casts a spell.
The ogre mage seems to speed up.
An ogre comes into view. It is wielding a +0 giant club.
The ogre closely misses you.
A two-headed ogre comes into view. It is wielding two +0 giant clubs.
An orc comes into view. It is wielding a +0 club.
The ogre mage hits you but does no damage.
The warg closely misses you.
You are starving!
The orc misses you. You block the orc's attack.
Okay, then.
You eat one of the 16 rations.
That ration really hit the spot!
You block the orc's attack.
You catch the helpless orc completely off-guard!
You puncture the orc!
You kill the orc!
Makhleb accepts your kill.
You feel better. The orc warrior barely misses you.
The orc hits you but does no damage.
You are poisoned.
The ogre mage hits you.
The orc sorcerer mumbles some strange words.
Okay, then.
As you read the scroll labeled QIHE KAFEBUON, it crumbles to dust.
The scroll dissolves into smoke.
It was a scroll of fog.
You block the warg's attack. The ogre mage hits you.
You block the orc's attack.
A deep troll comes into view.
The orc warrior closely misses you.
An ogre comes into view. It is wielding a +0 giant spiked club.
The warg closely misses you. You block the ogre mage's attack.
You take 3 damage, and have 36/84 hp.
As you read the scroll labeled MUHOAJ VIMACH, it crumbles to dust.
It is a scroll of amnesia.
Okay, then.
The orc misses you. The warg barely misses you.
The ogre mage closely misses you.
Unknown command.
Blink to where?
Are you sure you want to cancel this blink?
Blink to where?
Are you sure you want to cancel this blink?
Blink to where?
Are you sure you want to cancel this blink?
Okay, then.
As you read the scroll labeled ICLIFF ERREO, it crumbles to dust.
It was a scroll of blinking.
You flicker for a moment.
The ogre mage hits you! You block the warg's attack. The ogre mage hits you.
You take 10 damage, and have 26/84 hp.
As you read the scroll labeled AHYIDGHYANU, it crumbles to dust.
The dust glows shimmering silver!
It was a scroll of random uselessness.
The warg closely misses you. The ogre mage hits you.
* * * LOW HITPOINT WARNING * * *
You block the warg's attack.
You take 3 damage, and have 23/84 hp.
Aim: a two-headed ogre, wielding two +0 giant clubs (black smoke)
The bolt of acid hits the two-headed ogre!
The two-headed ogre is splashed with acid.
The acid corrodes the two-headed ogre!
The bolt of acid hits the two-headed ogre!
The two-headed ogre is splashed with acid.
The acid corrodes the two-headed ogre!
Makhleb accepts your kill.
You feel better.
You feel a bit more experienced. The ogre mage hits you!
* * * LOW HITPOINT WARNING * * *
The two-headed ogre barely misses you. The two-headed ogre misses you.
The warg barely misses you. You block the ogre mage's attack.
You take 6 damage, and have 17/84 hp.
Aim: a two-headed ogre, wielding two +0 giant clubs (black smoke, moderately wounded, covered in acid)
The bolt of acid hits the two-headed ogre!
The two-headed ogre is splashed with acid.
The acid corrodes the two-headed ogre!
The bolt of acid hits the two-headed ogre!
The two-headed ogre is splashed with acid.
The acid corrodes the two-headed ogre!
The warg bites you!
* * * LOW HITPOINT WARNING * * *
The two-headed ogre barely misses you.
The two-headed ogre hits you with a +0 dire flail!
You die...

, , ,,.... ,, , , , ,,
, #... ,...., * *
##O.# ......, , * , *
, , #...# ...... , , ,
* * ,,,
..O###........., , * *
* *
**.Ooo#............ *
** #OO#....#.$......
##OO.#............
#@O4o............. **
##hoo4............ * *
#3o3............. **
#.#..o..)#........ * *
................... ,
.....................
* ,
.....................
,##........#..........
* ....................


You could see 2 two-headed ogres, an ogre mage, a sun demon, a rust devil, a
warg, an orc sorcerer, an orc warrior and 2 ogres.

Vanquished Creatures
  2 two-headed ogres
  An orc knight (Orc:2)
  A manticore (D:10)
  A cyclops (Orc:1)
  3 trolls
  3 hippogriffs
  A wraith (D:10)
  A hungry ghost (D:8)
  A wyvern (D:9)
  4 hogs (D:8)
  A human (D:8)
  Edmund (D:5)
  4 wargs
  8 orc warriors
  4 ice beasts
  2 sky beasts
  A necrophage (D:5)
  8 ogres
  8 centaurs
  2 big kobolds
  An elf zombie (D:9)
  4 bullfrogs
  A gnoll sergeant (Orc:2)
  4 scorpions
  9 killer bees
  A wight (D:9)
  7 crimson imps
  A bullfrog zombie (D:10)
  3 hounds
  4 jellies
  2 centaur skeletons
  4 orc priests
  3 bullfrog skeletons
  4 human zombies (D:9)
  Jessica (D:3)
  An iguana (D:5)
  7 orc wizards
  8 worker ants
  2 hound skeletons
  3 mummies (D:9)
  A worker ant zombie (D:8)
  3 gnolls (D:7)
  A howler monkey skeleton (D:7)
  5 adders
  3 shadow imps
  2 oozes
  2 adder skeletons
  A dart slug (D:1)
  5 leopard geckos
  25 orcs
  7 bats
  6 giant cockroaches
  5 hobgoblins
  7 jackals
  16 kobolds
  A quokka (D:4)
  2 ball pythons
  5 frilled lizards
  A giant cockroach zombie (D:5)
  5 goblins
  A leopard gecko skeleton (D:5)
  6 rats
237 creatures vanquished.

Vanquished Creatures (collateral kills)
  An orc knight (Orc:1)
  A wraith (D:9)
  A killer bee (D:8)
  A human skeleton (D:9)
  An orc (D:9)
  An orc zombie (D:9)
6 creatures vanquished.

Vanquished Creatures (others)
  A sky beast (D:9)
  A killer bee (D:8)
  2 orcs
4 creatures vanquished.

Grand Total: 247 creatures vanquished

Notes
Turn   | Place    | Note
-------+----------+-------------------------------------------
     0 | D:1      | Irenicus the Deep Dwarf Earth Elementalist began the quest
                  | for the Orb.
     0 | D:1      | Reached XP level 1. HP: 15/15 MP: 3/3
   132 | D:1      | Reached XP level 2. HP: 22/22 MP: 0/4
   159 | D:1      | Reached skill level 5 in Earth Magic
   179 | D:1      | You fall through a shaft!
   204 | D:2      | Found a radiant altar of Vehumet.
   295 | D:1      | Reached XP level 3. HP: 26/28 MP: 2/5
   335 | D:1      | Learned a level 2 spell: Passwall
   641 | D:2      | Reached skill level 6 in Earth Magic
   738 | D:2      | Reached skill level 2 in Spellcasting
   758 | D:2      | Learned a level 3 spell: Stone Arrow
  1098 | D:3      | Reached XP level 4. HP: 29/36 MP: 2/7
  1324 | D:3      | Reached skill level 1 in Conjurations
  1447 | D:3      | Noticed Jessica
  1450 | D:3      | Killed Jessica
  1452 | D:3      | Reached XP level 5. HP: 34/42 MP: 1/8
  1744 | D:4      | Reached skill level 2 in Conjurations
  1811 | D:4      | Found an ornate altar of the Wu Jian Council.
  1851 | D:5      | Entered Level 5 of the Dungeon
  1851 | D:5      | Noticed a centaur
  1854 | D:5      | Killed a centaur
  1854 | D:5      | Reached skill level 3 in Stealth
  1854 | D:5      | Reached skill level 3 in Spellcasting
  1854 | D:5      | Reached skill level 7 in Earth Magic
  1854 | D:5      | Reached XP level 6. HP: 24/49 MP: 7/10
  1936 | D:5      | Reached skill level 4 in Stealth
  2009 | D:5      | Reached skill level 8 in Earth Magic
  2009 | D:5      | Reached XP level 7. HP: 23/55 MP: 5/11
  2044 | D:5      | Reached skill level 5 in Stealth
  2077 | D:5      | Got a twitching lead amulet
  2078 | D:5      | Identified the amulet of Ityim {Faith rF+ rN+ Dex+2 Stlth-}
                  | (You found it on level 5 of the Dungeon)
  2149 | D:5      | Found Otoaffacw's Antique Weapon Shoppe.
  2171 | D:5      | Noticed Edmund
  2214 | D:5      | HP: 13/55 [Edmund/+2 dire flail of protection (4)]
  2229 | D:5      | HP: 4/55 [Edmund/+2 dire flail of protection (9)]
  2236 | D:5      | HP: 9/55 [Edmund/+2 dire flail of protection (9)]
  2242 | D:5      | Killed Edmund
  2242 | D:5      | Reached skill level 1 in Short Blades
  2242 | D:5      | Reached skill level 6 in Stealth
  2242 | D:5      | Reached skill level 9 in Earth Magic
  2400 | D:6      | Found a runed translucent gate.
  2400 | D:6      | Found a runed translucent gate.
  2400 | D:6      | Found a runed translucent gate.
  2401 | D:6      | Noticed DungeonDestroyer's ghost (novice MiFi)
  2401 | D:6      | Identified the +10 short sword "Dutsomp" {elec, rC+ Str+2}
  2404 | D:6      | Noticed a kobold demonologist
  2443 | D:6      | Found Tarer's Gadget Boutique.
  2446 | D:6      | Reached skill level 2 in Short Blades
  2461 | D:6      | Found a glowing golden altar of the Shining One.
  2542 | D:6      | Reached XP level 8. HP: 28/62 MP: 8/12
  2579 | D:6      | Found Xueleip's General Store.
  2584 | D:6      | Bought an uncursed ring of magical power for 240 gold
                  | pieces
  2659 | D:6      | Reached skill level 1 in Evocations
  2673 | D:6      | Reached skill level 2 in Evocations
  2747 | D:6      | Found a staircase to the Ecumenical Temple.
  2756 | Temple   | Entered the Ecumenical Temple
  2861 | Temple   | Became a worshipper of Makhleb the Destroyer
  2936 | D:6      | Found a hide-covered altar of Uskayaw.
  2936 | D:6      | Found a sacrificial altar of Ru.
  2985 | D:7      | Reached skill level 3 in Evocations
  3022 | D:7      | Learned a level 5 spell: Lee's Rapid Deconstruction
  3066 | D:7      | Found a shattered altar of Ashenzari.
  3124 | D:7      | Reached skill level 10 in Earth Magic
  3214 | D:7      | Noticed a troll
  3264 | D:7      | Killed a troll
  3264 | D:7      | Reached skill level 11 in Earth Magic
  3269 | D:7      | Noticed a two-headed ogre
  3274 | D:7      | Killed a two-headed ogre
  3274 | D:7      | Reached skill level 12 in Earth Magic
  3274 | D:7      | Gained mutation: You passively map the area around you.
                  | [Deep Dwarf growth]
  3274 | D:7      | Reached XP level 9. HP: 24/68 MP: 13/13
  3284 | D:7      | Reached skill level 13 in Earth Magic
  3339 | D:7      | Reached skill level 1 in Fighting
  3377 | D:7      | Reached * piety under Makhleb
  3483 | D:8      | Reached skill level 14 in Earth Magic
  3520 | D:8      | Reached skill level 4 in Spellcasting
  3521 | D:8      | Reached skill level 5 in Spellcasting
  3575 | D:8      | HP: 16/70 [orc warrior/+0 short sword (16)]
  3594 | D:8      | HP: 10/70 [ice beast (8)]
  3595 | D:8      | HP: 3/70 [ice beast (7)]
  3596 | D:8      | Reached XP level 10. HP: 3/78 MP: 10/18
  3652 | D:8      | Reached ** piety under Makhleb
  3665 | D:8      | Got a smoking robe
  3669 | D:8      | Identified the cursed +0 robe "Borerys" {+Inv MR+++ rCorr
                  | Str-4 Slay-5} (You found it on level 8 of the Dungeon)
  3681 | D:8      | Reached skill level 6 in Spellcasting
  3759 | D:8      | Learned a level 4 spell: Petrify
  3759 | D:8      | Found a bloodstained altar of Trog.
  4018 | D:8      | Reached *** piety under Makhleb
  4051 | D:8      | Reached skill level 1 in Shields
  4363 | D:9      | Found a basalt altar of Yredelemnul.
  4366 | D:9      | Reached skill level 2 in Shields
  4381 | D:9      | You fall through a shaft!
  4381 | D:10     | Entered Level 10 of the Dungeon
  4444 | D:10     | Reached skill level 7 in Spellcasting
  4562 | D:9      | Reached skill level 3 in Shields
  4622 | D:9      | Reached skill level 4 in Shields
  4641 | D:9      | Found a staircase to the Lair.
  4721 | D:9      | Found a staircase to the Orcish Mines.
  4783 | D:9      | Reached **** piety under Makhleb
  4783 | D:9      | Reached skill level 5 in Shields
  4847 | D:10     | Noticed a two-headed ogre
  4858 | D:10     | Killed a two-headed ogre
  4858 | D:10     | Reached skill level 15 in Earth Magic
  4858 | D:10     | Reached XP level 11. HP: 58/84 MP: 14/22
  4877 | D:10     | Reached skill level 6 in Shields
  5305 | D:10     | HP: 20/84 [manticore (8)]
  5306 | D:10     | Reached skill level 8 in Spellcasting
  5494 | Orc:1    | Entered Level 1 of the Orcish Mines
  5494 | Orc:1    | Noticed an orc knight
  5500 | Orc:1    | HP: 17/84 [warg[an orc knight] (2)]
  5503 | Orc:1    | Killed an orc knight
  5506 | Orc:1    | Reached ***** piety under Makhleb
  5516 | Orc:1    | Reached skill level 3 in Dodging
  5558 | Orc:2    | Entered Level 2 of the Orcish Mines
  5559 | Orc:2    | Noticed an orc knight
  5571 | Orc:2    | Killed an orc knight
  5571 | Orc:2    | Reached skill level 4 in Dodging
  5612 | Orc:2    | Noticed an orc sorcerer
  5618 | Orc:2    | Noticed an ogre mage
  5620 | Orc:2    | Noticed a two-headed ogre
  5621 | Orc:2    | Noticed a two-headed ogre
  5626 | Orc:2    | Noticed a sun demon
  5626 | Orc:2    | Noticed a deep troll
  5630 | Orc:2    | HP: 17/84 [ogre mage (7)]
  5631 | Orc:2    | HP: 6/84 [warg (11)]
  5631 | Orc:2    | Mangled by a two-headed ogre

Skill      XL: |  1  2  3  4  5  6  7  8  9 10 11 |
---------------+----------------------------------+-----
Earth Magic    | 5 6 7 8 9 12 14 15 | 15.9
Spellcasting   | 2 3 5 7 8 |  8.0
Conjurations   | 1 2 |  2.0
Stealth        | 3 4 6 |  6.5
Short Blades   | 2 |  2.0
Evocations     | 3 |  3.0
Fighting       | 1 |  1.0
Shields        | 5 6 |  6.0
Dodging        | 4 |  4.3
Transmutations | |  0.8

Action                   |  1- 3 |  4- 6 |  7- 9 | 10-12 || total
-------------------------+-------+-------+-------+-------++-------
Melee: Club              |    19 |       |       |       ||    19
       Dagger            |       |     8 |    20 |    36 ||    64
 Cast: Sandblast         |    48 |    25 |    60 |   127 ||   260
       Passwall          |     2 |    12 |    14 |    32 ||    60
       Stone Arrow       |       |    12 |    20 |    36 ||    68
       Lee's Rapid Decon |       |       |     3 |    14 ||    17
       Petrify           |       |       |       |     8 ||     8
 Abil: Heal Wounds       |       |       |     1 |     2 ||     3
Evoke: Wand              |       |       |     7 |    17 ||    24
  Use: Potion            |       |     1 |     3 |     3 ||     7
       Scroll            |       |       |     7 |    17 ||    24
 Stab: Sleeping          |     5 |     4 |     9 |     4 ||    22
       Paralysed         |       |       |     4 |     2 ||     6
       Petrified         |       |       |       |     7 ||     7
       Invisible         |       |       |       |     3 ||     3
  Eat: Chunk             |     1 |     4 |     5 |     7 ||    17
       Ration            |       |       |     1 |     2 ||     3
Armor: Robe              |     1 |       |       |       ||     1
       Leather armour    |    15 |     4 |     7 |    42 ||    68
Dodge: Dodged            |    25 |    16 |    22 |   119 ||   182
Block: Buckler           |       |       |       |    32 ||    32

Levels and vault maps discovered:
D:1:      beargit_arrival_greenhouse, layout_loops_cross, serial_glass,
          glass_columns_c, glass_columns_a, glass_columns_a, glass_columns_c,
          glass_columns_a, glass_columns_b, minmay_misc_feat_hallway,
          minmay_pentomino_p2
D:2:      layout_basic, vehumet_crystals
D:3:      layout_loops_ring, first_ration, uniq_jessica
D:4:      layout_basic, old_standard_altar
D:5:      layout_basic, serial_shops, shop, uniq_edmund
D:6:      layout_cave_pools, gammafunk_temple_overflow_wave, kennysheep_mini,
          lemuel_temple_firewalk_a, gammafunk_ghost_nasty_kobolds, serial_shops,
          kennysheep_little_box, shop, columned_hall_lemuel,
          grunt_decor_mini_mirrors
D:7:      layout_rooms, ashenzari_conservatory_becter, minmay_manual_macuahuitl
D:8:      layout_loops_corners, lemuel_crystal_altar, grunt_livestock
D:9:      layout_basic, lemuel_mausoleum_altar_yredelemnul,
          erik_lair_orcish_takeover, orc_0_dummy
D:10:     layout_stronghold
Temple:   dpeg_chambers_temple
Orc:1:    layout_caves, uniq_maurice
Orc:2:    st_orc_open, layout_caves, sword_in_stone

Table legend:
 A = Turns spent in this place as a percentage of turns spent in the entire game.
 B = Non-inter-level travel turns spent in this place as a percentage of non-inter-level travel turns spent in the entire game.
 C = Inter-level travel turns spent in this place as a percentage of turns spent in this place.
 D = Turns resting spent in this place as a percentage of non-inter-level travel turns spent in this place.
 E = Turns spent auto-exploring this place as a percentage of non-inter-level travel turns spent in this place.
 F = Non-inter-level travel turns spent in this place divided by the number of levels of this place that you've seen.
                   A       B       C       D       E      F
               +-------+-------+-------+-------+-------+----------------------
         Total | 100.0 | 100.0 |   0.0 |   0.0 |   0.0 | 433.2
       Dungeon |  95.2 |  95.2 |   0.0 |   0.0 |   0.0 | 536.1
        Temple |   2.4 |   2.4 |   0.0 |   0.0 |   0.0 | 133.0
  Orcish Mines |   2.4 |   2.4 |   0.0 |   0.0 |   0.0 |  68.5
               +-------+-------+-------+-------+-------+----------------------

Table legend:
 A = Kills in this place as a percentage of kills in entire the game.
 B = Kills by you in this place as a percentage of kills by you in the entire game.
 C = Kills by friends in this place as a percentage of kills by friends in the entire game.
 D = Other kills in this place as a percentage of other kills in the entire game.
 E = Experience gained in this place as a percentage of experience gained in the entire game.
 F = Experience gained in this place divided by the number of levels of this place that you have seen.
                   A       B       C       D       E      F
               +-------+-------+-------+-------+-------+----------------------
         Total | 100.0 | 100.0 | 100.0 | 100.0 | 100.0 | 1227.8
       Dungeon |  94.3 |  94.5 |  83.3 | 100.0 |  85.1 | 1358.0
  Orcish Mines |   5.7 |   5.5 |  16.7 |   0.0 |  14.9 | 1191.0
               +-------+-------+-------+-------+-------+----------------------
